 Dungeon Crawl Stone Soup version 0.31-a0-210-gccc998df9b (webtiles) character file.

Game seed: 4833125215754199306

158 qw the Chopper (level 5, -6/32 HPs)
             Began as a Gargoyle Fighter on June 30, 2023.
             Was an Initiate of Okawaru.
             Mangled by an ogre
             ... wielding a +0 giant club
              (20 damage)
             ... on level 4 of the Dungeon.
             The game lasted 00:01:19 (2657 turns).

qw the Chopper (Gargoyle Fighter)                   Turns: 2657, Time: 00:01:19

Health: -6/32      AC: 14    Str: 22    XL:     5   Next: 40%
Magic:  5/5        EV:  8    Int:  8    God:    Okawaru [......]
Gold:   94         SH:  4    Dex:  9    Spells: 4/4 levels left

rFire   . . .        Y - +1 war axe
rCold   . . .        c - +0 buckler
rNeg    + . .        e - +0 chain mail
rPois   inf          (no helmet)
rElec   +            o - +0 cloak
rCorr   .            (no gloves)
SInv    .            (no boots)
Will    .....        a - amulet of the acrobat Stlth
                     (no ring)
HPRegen 0.25/turn    (no ring)
MPRegen 0.09/turn

%: acrobat
@: no status effects
A: sickness immunity, AC +4, negative energy resistance 1, electricity
resistance, torment resistance 1, petrification resistance
a: Renounce Religion


You were on level 4 of the Dungeon.
You worshipped Okawaru.
Okawaru was noncommittal.
You visited 2 branches of the dungeon, and saw 5 of its levels.

You collected 94 gold pieces.


Innate Abilities, Weirdness & Mutations

You are immune to sickness and miasma.
Your stone body is resilient. (AC +4)
You are immune to poison.
You resist negative energy. (rN+)
You are resistant to electric shocks. (rElec)
You are resistant to unholy torment.
You are immune to petrification.


   Skills:
 + Level 3.2 Fighting
 - Level 5.0 Axes
 - Level 3.2 Armour
 - Level 3.2 Shields


You had 4 spell levels left.
You didn't know any spells.
Your spell library was empty.

Inventory:

Hand Weapons
 p - a +0 flail
 Y - a +1 war axe (weapon)
Missiles
 k - 8 boomerangs (quivered)
Armour
 c - a +0 buckler (worn)
 e - a +0 chain mail (worn)
 l - a +0 ring mail of fire resistance
 o - a +0 cloak (worn)
 t - the +3 ring mail of Osax {Str+3}
   (You found it on level 4 of the Dungeon)

   Str:       It affects your strength (+3).
Jewellery
 a - an amulet of the acrobat (around neck)
 b - a ring of magical power
Scrolls
 g - a scroll of identify
 n - 2 scrolls of teleportation
 u - a scroll of blinking {unknown}
Potions
 d - 2 potions of might
 f - a potion of mutation
 h - a potion of invisibility {unknown}
 i - 3 potions of curing
 j - a potion of enlightenment
 m - a potion of attraction {unknown}
 q - a potion of brilliance {unknown}
 r - a potion of lignification {unknown}
 s - a potion of degeneration {unknown}

Dungeon Overview and Level Annotations

Branches:
Dungeon (4/15)             Temple (1/1) D:4

Altars:
Cheibriados
Fedhas
Gozag
Makhleb
Okawaru
Ru
Sif Muna
Trog
Uskayaw
Vehumet
Wu Jian
Xom
Zin


Message History

Ijyb hits you but does no damage.
You slash Ijyb!
You kill Ijyb!
Okawaru accepts your kill.
Your Axes skill increases to level 5!
You start resting.
HP restored.
You start resting.
Your transformation is almost over.
HP restored.
You feel less wooden.
Your +0 cloak unmelds from your body.
Your +0 chain mail unmelds from your body.
Things that are here:
a +0 dagger; a +0 scale mail; a wand of polymorph (6)
Found a stone staircase leading up.
Enter note:
Enter note:
Found 2 stones.
Found a stone staircase leading down.
Enter note:
Enter note: An ogre comes into view. It is wielding a +0 giant club.
The ogre shouts!
You hear a shout!
A goblin comes into view. It is wielding a +0 dagger.
Enter note:
Enter note: You throw a boomerang.
The boomerang hits the ogre but does no damage.
You slash the ogre!
The ogre is heavily wounded.
The ogre hits you with a +0 giant club!!
Ouch! That really hurt!
You hit the ogre.
The ogre is severely wounded.
The ogre hits you but does no damage.
You hit the ogre.
The ogre is severely wounded.
The ogre hits you with a +0 giant club!!
Ouch! That really hurt!
You die...

####...# #.......
#.####.####..
#.........#..
#####.##.#..
####...........
#.......###)..#
######<##.##.###....
#gO@..............##
#.####.#..##.####(#
#. #.#.###.# ##.## #
#.#.###.# #..<.
#.......# #.###
#>....### #. #.....#
#. #(....# #.
#.....# ##


You could see an ogre and a goblin.

Vanquished Creatures
  An iguana (D:4)
  Ijyb (D:4)
  4 adders
  2 worms (D:2)
  2 dart slugs (D:1)
  An orc (D:3)
  4 bats
  7 endoplasms
  5 giant cockroaches
  3 goblins
  3 hobgoblins
  A quokka (D:1)
  11 ball pythons
  6 frilled lizards
  7 kobolds
  4 rats
62 creatures vanquished.

Notes
Turn   | Place    | Note
-------+----------+-------------------------------------------
     0 | D:1      | qw the Gargoyle Fighter began the quest for the Orb.
     0 | D:1      | Reached XP level 1. HP: 14/14 MP: 1/1
     0 | D:1      | 0 ||| qw: Version: 0.3-a-26-gee661ec
     0 | D:1      | 0 ||| qw: Game counter: 7288
     0 | D:1      | 0 ||| qw: Melee chars always use a shield: true
     0 | D:1      | 0 ||| qw: God list: Okawaru
     0 | D:1      | 0 ||| qw: Allow faded altars: false
     0 | D:1      | 0 ||| qw: Do Orc after clearing Dungeon:15 true
     0 | D:1      | 0 ||| qw: Do second Lair branch before Depths: true
     0 | D:1      | 0 ||| qw: Lair rune preference: random
     0 | D:1      | 0 ||| qw: Goals: Normal, Zot:1-4, Slime:5, God:TSO, Crypt,
                  | Tomb, Abyss, Pan, Hells, Win
     0 | D:1      | 0 ||| PLANNING D:1-11
     1 | D:1      | Noticed a spriggan
     5 | D:1      | Noticed a formicid
     8 | D:1      | Noticed a vine stalker
    14 | D:1      | Noticed a vine stalker
    14 | D:1      | Noticed a demonspawn
    16 | D:1      | Noticed a ghoul
    18 | D:1      | Noticed a dwarf
    38 | D:1      | Reached skill level 2 in Axes
   171 | D:1      | Reached XP level 2. HP: 19/19 MP: 2/2
   194 | D:1      | 194 ||| FLEEEEING.
   211 | D:1      | 211 ||| Stepping ~*~*~tactically~*~*~ (hiding).
   212 | D:1      | 212 ||| Stepping ~*~*~tactically~*~*~ (hiding).
   492 | D:1      | 492 ||| Stepping ~*~*~tactically~*~*~ (hiding).
   497 | D:1      | Reached skill level 3 in Axes
   564 | D:1      | Reached XP level 3. HP: 23/23 MP: 3/3
   566 | D:1      | 566 ||| DROPPING +0 club.
   585 | D:1      | 585 ||| Stepping ~*~*~tactically~*~*~ (hiding).
   702 | D:1      | Found a faded altar of an unknown god.
  1074 | D:1      | 1074 ||| UPGRADING to +0 chain mail.
  1084 | D:1      | 1084 ||| DROPPING +0 scale mail.
  1085 | D:1      | 1085 ||| UPGRADING to +0 cloak.
  1090 | D:1      | 1090 ||| READING scroll labelled HAITUU ET LEDA.
  1093 | D:1      | 1093 ||| READING scroll labelled NEBLIZX ENIF.
  1094 | D:1      | 1094 ||| READING scroll labelled EFATEUFOCI.
  1095 | D:1      | 1095 ||| DRINKING 2 fuming sapphire potions.
  1315 | D:2      | Reached XP level 4. HP: 28/28 MP: 4/4
  1334 | D:2      | 1334 ||| DROPPING +0 whip.
  1517 | D:2      | Reached skill level 4 in Axes
  1642 | D:2      | 1642 ||| UPGRADING to amulet of the acrobat.
  1647 | D:2      | 1647 ||| READING scroll labelled CAEV LE MIBB.
  1666 | D:2      | 1666 ||| READING scroll labelled UGODECLUYFF.
  1667 | D:2      | 1667 ||| READING scroll labelled CUKHEQUFUCH.
  1668 | D:2      | 1668 ||| READING 2 scrolls of identify.
  1668 | D:2      | 1668 ||| IDENTIFYING sedimented brown potion
  1695 | D:3      | 1695 ||| Stepping ~*~*~tactically~*~*~ (hiding).
  1698 | D:3      | 1698 ||| Stepping ~*~*~tactically~*~*~ (hiding).
  1862 | D:3      | Found a hide-covered altar of Uskayaw.
  1866 | D:3      | 1866 ||| Stepping ~*~*~tactically~*~*~ (stealth).
  1904 | D:3      | 1904 ||| Stepping ~*~*~tactically~*~*~ (stealth).
  1905 | D:3      | 1905 ||| Stepping ~*~*~tactically~*~*~ (stealth).
  1906 | D:3      | 1906 ||| Stepping ~*~*~tactically~*~*~ (stealth).
  1907 | D:3      | 1907 ||| Stepping ~*~*~tactically~*~*~ (stealth).
  1908 | D:3      | 1908 ||| Stepping ~*~*~tactically~*~*~ (stealth).
  1909 | D:3      | 1909 ||| Stepping ~*~*~tactically~*~*~ (stealth).
  2144 | D:3      | Found a radiant altar of Vehumet.
  2344 | D:3      | 2344 ||| READING scroll labelled USAMUA FAILI.
  2345 | D:3      | 2345 ||| READING 2 scrolls labelled GOTUAS XANOOGH.
  2346 | D:3      | 2346 ||| DRINKING 4 bubbling silvery potions.
  2347 | D:3      | 2347 ||| DROPPING scroll of summoning.
  2382 | D:4      | Reached XP level 5. HP: 32/32 MP: 5/5
  2393 | D:4      | Found a staircase to the Ecumenical Temple.
  2394 | D:4      | 2394 ||| PLANNING TEMPLE
  2414 | Temple   | Entered the Ecumenical Temple
  2416 | Temple   | 2416 ||| PLANNING OKAWARU WORSHIP
  2468 | Temple   | Became a worshipper of Warmaster Okawaru
  2469 | Temple   | 2469 ||| PLANNING D:1-11
  2482 | D:4      | Identified the +3 ring mail of Osax {Str+3}
  2486 | D:4      | 2486 ||| Stepping ~*~*~tactically~*~*~ (stealth).
  2572 | D:4      | Noticed Ijyb
  2575 | D:4      | 2575 ||| FLEEEEING.
  2576 | D:4      | 2576 ||| FLEEEEING.
  2577 | D:4      | 2577 ||| FLEEEEING.
  2578 | D:4      | 2578 ||| FLEEEEING.
  2579 | D:4      | 2579 ||| FLEEEEING.
  2581 | D:4      | 2581 ||| FLEEEEING.
  2582 | D:4      | 2582 ||| FLEEEEING.
  2583 | D:4      | 2583 ||| FLEEEEING.
  2584 | D:4      | 2584 ||| FLEEEEING.
  2585 | D:4      | 2585 ||| FLEEEEING.
  2586 | D:4      | 2586 ||| FLEEEEING.
  2587 | D:4      | 2587 ||| FLEEEEING.
  2588 | D:4      | 2588 ||| FLEEEEING.
  2612 | D:4      | Killed Ijyb
  2613 | D:4      | Reached skill level 5 in Axes
  2653 | D:4      | Noticed an ogre
  2657 | D:4      | Mangled by an ogre

Levels and vault maps discovered:
D:1:      shiori_arrival_whats_in_store_for_you, layout_basic,
          basic_ecumenical_altar
D:2:      layout_basic, minmay_misc_feat_nine_boxes
D:3:      layout_basic, eat_drink_and_be_merry_uskayaw,
          overflow_temple_1_default, serial_rivers,
          chequers_serial_rivers_room_b, chequers_serial_rivers_marsh,
          chequers_serial_rivers_large_a, chequers_serial_rivers_micro_d,
          chequers_serial_rivers_small_a, glass_columns_a,
          minmay_misc_feat_four_crosses, grunt_ministairs_13,
          ebering_dispersal_statue_hall
D:4:      layout_loops_cross, elyvilon_altar_3, minmay_temple_entry_sparse_star,
          st_stairs_4, uniq_ijyb
Temple:   nicolae_temple_ecumenical_triangle

Skill      XL: |  1  2  3  4  5 |
---------------+----------------+-----
Axes           | 2 3 4 5 |  5.0
Fighting       | |  3.2
Armour         | |  3.2
Shields        | |  3.2

Action                     |  1- 3 |  4- 6 || total
---------------------------+-------+-------++-------
  Melee: War axe           |    76 |    71 ||   147
  Throw: Boomerang         |    43 |    39 ||    82
    Use: Scroll            |     3 |     6 ||     9
         Potion            |     1 |     1 ||     2
 Armour: Scale mail        |    24 |       ||    24
         Chain mail        |     7 |    28 ||    35
         Skin              |       |    18 ||    18
  Dodge: Dodged            |    30 |    19 ||    49
  Block: Buckler           |    13 |     9 ||    22

Table legend:
 A = Non-vault XP
 B = Vault XP
 C = Vault XP percentage of total XP
 D = Non-vault monster count
 E = Vault monster count
 F = Vault count percentage of total count
                 A         B        C        D         E       F
            +---------+---------+-------+---------+---------+-------
      Total |     188 |      39 |  17.2 |      59 |       3 |   4.8
            +---------+---------+-------+---------+---------+-------
        D:1 |      45 |       0 |   0.0 |      25 |       0 |   0.0
        D:2 |      56 |       0 |   0.0 |      16 |       0 |   0.0
        D:3 |      28 |       4 |  12.5 |      11 |       2 |  15.4
        D:4 |      59 |      35 |  37.2 |       7 |       1 |  12.5
            +---------+---------+-------+---------+---------+-------
